 Dungeon Crawl Stone Soup version 0.26.1-11-gd32895ea62 (webtiles) character file.

Game seed: 15001342153691715275

161 Almogavar the Conjurer (level 5, -1/39 HPs)
             Began as a Draconian Conjurer on May 16, 2021.
             Slain by a big kobold
             ... wielding a +2 dagger of distortion
              (12 damage)
             ... on level 3 of the Dungeon.
             The game lasted 00:09:20 (3817 turns).

Almogavar the Conjurer (Draconian Conjurer)         Turns: 3817, Time: 00:09:21

Health: -1/39      AC:  5    Str:  9    XL:     5   Next: 19%
Magic:  18/18      EV: 12    Int: 19    God:
Gold:   125        SH:  5    Dex: 10    Spells: 4/10 levels left

rFire    . . .     SeeInvis .   h - +1 short sword (flame)
rCold    . . .     Faith    .   (no shield)
rNeg     . . .     Spirit   .   (armour unavailable)
rPois    .         Reflect  +   (helmet restricted)
rElec    .         Harm     .   (no cloak)
rCorr    .         Rampage  .   (no gloves)
Will     .....                  (no boots)
Stlth    ++........             g - amulet of reflection
HPRegen  0.13/turn              f - ring of magical power
MPRegen  0.16/turn              (no ring)

@: lethally poisoned (-1 -> -10), slowed, very slow
A: unfitting armour, cold-blooded, AC +5
a: no special abilities


You were on level 3 of the Dungeon.
You visited 1 branch of the dungeon, and saw 3 of its levels.

You collected 125 gold pieces.

Inventory:

Hand Weapons
 h - a +1 short sword of flaming (weapon)
Jewellery
 b - an uncursed amulet of regeneration
 f - a ring of magical power (left hand)
 g - an amulet of reflection (around neck)
Wands
 i - a wand of disintegration (8)
 j - a wand of flame (18)
Scrolls
 a - a scroll of enchant weapon
 e - 3 scrolls of remove curse
 k - a scroll of teleportation {unknown}
 l - a scroll of noise {unknown}
 m - a scroll of immolation {unknown}
 o - a scroll of fear {unknown}
Potions
 c - 2 potions of curing
 d - a potion of mutation {unknown}
 n - 2 potions of heal wounds {unknown}


   Skills:
 + Level 0.3 Fighting
 + Level 2.3 Dodging
 + Level 2.3 Stealth
 + Level 3.0 Spellcasting
 + Level 5.4 Conjurations


You had 4 spell levels left.
You knew the following spells:

 Your Spells              Type           Power        Failure   Level
a - Magic Dart            Conj           92%          1%          1
b - Searing Ray           Conj           46%          2%          2
c - Dazzling Flash        Conj/Hex       26%          16%         3

Your spell library contained the following spells:

 Spells                   Type           Power        Failure   Level
 Fulminant Prism          Conj/Hex       6%           45%         4
 Iskenderun's Mystic Bla  Conj/Tloc      13%          45%         4


Dungeon Overview and Level Annotations

Branches:
Dungeon (3/15)

Altars:
Dithmenos
Hepliaklqana
Ru

Annotations:
D:3 Destapler's ghost, amateur GnWn


Innate Abilities, Weirdness & Mutations

Your plain brown scales are hard. (AC +5)
You cannot fit into any form of body armour.
You are cold-blooded and may be slowed by cold attacks.


Message History

The kobold throws a stone.
The stone barely misses you.
The stone hits the big kobold but does no damage.
The kobold throws a poisoned dart.
The poisoned dart barely misses you.
The big kobold hits you with a +2 dagger of distortion.
Space bends around you.
* * * LOW HITPOINT WARNING * * *
The kobold throws a curare-tipped dart.
The curare-tipped dart closely misses you.
You feel better. You block the big kobold's attack.
The big kobold closely misses you. You block the big kobold's attack.
As you read the scroll labelled OLI QOCEHU, it crumbles to dust.
It is a scroll of enchant weapon.
Your +0 short sword of flaming glows red for a moment.
The kobold hits you but does no damage.
The kobold hits you with a +2 dagger of venom.
* * * LOW HITPOINT WARNING * * *
You are poisoned.
The big kobold hits you but does no damage.
Space warps horribly around you!
You die...

#..##..............#.####(.......
#..#########.#####.#.#.(..<..####
#..# #.#####.#.#....†..# #.
#†.### #.........#.......# #.
#....# #.................# #.
###..# #.#####.###.......# #.
#..# #.#####(..#......##### #>.#
#....((##.#.....##≈≈≈≈ #..#
#[.KK@K##.#######≈≈..≈
#..#######...KKK##.######§≈§.≈≈
#..##....>.KKKK(.......>'...⌠.≈
#..##.#......W..#######.'..≈.⌠.
#..##.#.##'''##.#########§≈§§[≈
#......##.....##......# ##≈≈§.≈
#.....##.#...#.######.#####§§≈≈
########⌠.#.#.⌠# #.....#####
#.#...#.# ######.#


You could see 2 big kobolds, Destapler's ghost and 8 kobolds.

Vanquished Creatures
  An orc priest (D:2)
  4 adders
  3 worms (D:3)
  2 dart slugs
  A leopard gecko (D:1)
  11 orcs (D:3)
  A giant cockroach (D:1)
  5 goblins
  6 hobgoblins
  6 jackals
  11 kobolds
  A ball python (D:2)
  9 bats
  3 frilled lizards
  9 rats
73 creatures vanquished.

Notes
Turn   | Place    | Note
-------+----------+-------------------------------------------
     0 | D:1      | Almogavar the Draconian Conjurer began the quest for the
                  | Orb.
     0 | D:1      | Reached XP level 1. HP: 14/14 MP: 3/3
   379 | D:1      | Reached XP level 2. HP: 20/20 MP: 3/5
   404 | D:1      | Learned a level 2 spell: Searing Ray
  1642 | D:2      | Reached XP level 3. HP: 16/26 MP: 1/6
  2354 | D:2      | Found a hazy altar of Hepliaklqana.
  2469 | D:2      | Found a sacrificial altar of Ru.
  2563 | D:2      | Reached XP level 4. HP: 32/33 MP: 7/7
  2617 | D:2      | Reached skill level 5 in Conjurations
  2990 | D:3      | Found a shadowy altar of Dithmenos.
  3041 | D:3      | Reached XP level 5. HP: 38/38 MP: 9/9
  3109 | D:3      | Learned a level 3 spell: Dazzling Flash
  3112 | D:3      | Found a runed translucent gate.
  3112 | D:3      | Found a runed translucent gate.
  3112 | D:3      | Found a runed translucent gate.
  3133 | D:3      | Identified the +6 dagger "Dyagol" {chaos, Int+4 Dex+4}
  3133 | D:3      | Noticed Destapler's ghost (amateur GnWn)
  3817 | D:3      | Slain by a big kobold

Illustrated notes

Levels and vault maps discovered:
D:1:      dpeg_arrival_radiant, layout_basic
D:2:      layout_basic, lemuel_crystal_altar, nicolae_ru_the_path_less_chosen
D:3:      layout_loops_ring, old_standard_altar, gammafunk_ghost_nasty_kobolds,
          kennysheep_generic_room_3

Skill      XL: |  1  2  3  4  5 |
---------------+----------------+-----
Dodging        | 2 |  2.3
Stealth        | 2 |  2.3
Conjurations   | 5 |  5.4
Spellcasting   | 3 |  3.0
Fighting       | |  0.3

Action                   |  1- 3 |  4- 6 || total
-------------------------+-------+-------++-------
Melee: Unarmed           |     8 |       ||     8
       Dagger            |    18 |       ||    18
       Short sword       |       |     1 ||     1
 Cast: Magic Dart        |    70 |    36 ||   106
       Searing Ray       |     3 |    10 ||    13
  Use: Scroll            |     3 |     1 ||     4
       Potion            |       |     1 ||     1
Armor: Skin              |    11 |     4 ||    15
Dodge: Dodged            |    25 |    15 ||    40
Block: Other             |     2 |     5 ||     7
       Reflection        |       |     1 ||     1
